 Dungeon Crawl Stone Soup version 0.30-a0-242-g7bf8e6d787 (webtiles) character file.

Game seed: 4662975147033263961

13 Sobieck the Cudgeller (level 2, 0/29 HPs)
             Began as an Ogre Gladiator on Oct 11, 2022.
             Slain by a gnoll
             ... wielding a +0 whip
              (5 damage)
             ... on level 1 of the Dungeon.
             The game lasted 00:00:39 (288 turns).

Sobieck the Cudgeller (Ogre Gladiator)               Turns: 288, Time: 00:00:40

Health: 0/29       AC:  3    Str: 17    XL:     2   Next: 37%
Magic:  2/2        EV: 10    Int:  9    God:
Gold:   7          SH:  0    Dex: 10    Spells: 1/1 levels left

rFire   . . .      SeeInvis .    a - +0 flail {mace}
rCold   . . .      Faith    .    (no shield)
rNeg    . . .      Spirit   .    b - +0 robe
rPois   .          Reflect  .    c - +0 hat
rElec   .          Harm     .    (no cloak)
rCorr   .          Rampage  .    (gloves unavailable)
Will    .....                    (boots unavailable)
Stlth   +.........               (no amulet)
HPRegen 0.24/turn                (no ring)
MPRegen 0.08/turn                (no ring)

@: no status effects
A: large, unfitting armour, tough skin 1
a: no special abilities


You were on level 1 of the Dungeon.
You visited 1 branch of the dungeon, and saw 1 of its levels.

You collected 7 gold pieces.


Innate Abilities, Weirdness & Mutations

You are too large for most types of armour.
You have tough skin. (AC +1)


   Skills:
 - Level 2.6 Fighting
 + Level 3.4 Maces & Flails
 - Level 2.0 Throwing
 - Level 2.6 Dodging


You had one spell level left.
You didn't know any spells.
Your spell library was empty.

Inventory:

Hand Weapons
 a - a +0 flail (weapon) {mace}
Missiles
 d - 3 throwing nets {=f!fthrowing}
 e - a large rock {=fthrowing}
 g - 5 stones (quivered) {throwing}
Armour
 b - a +0 robe (worn)
 c - a +0 hat (worn)
Potions
 f - a potion of haste {unknown}
 h - a potion of flight {unknown}
 i - a potion of curing {unknown}

Dungeon Overview and Level Annotations

Branches:
Dungeon (1/15) Zot: 5702

Altars:

...###### #..
........# ###
........# #
........##.#
.........?.#
........###
#.......bK#
#.#######g# .. #@#
#### .# #####.####
... #.# #........#
#.## #####.#
#........# #..#
......######........#
#########..
..........######.####
#.........#
.................#
#.........#
..........########
#.........#
..........#
#####.........#


You could see a gnoll, a bat and a kobold.


Message History

Your Maces & Flails skill increases to level 3!
No target in view!
You see here a hobgoblin corpse.
There is a stone staircase leading down, spattered with blood here.
h - an emerald potion Unknown command.
A kobold comes into view. It is wielding a +0 club.
Danger!
The kobold shouts!
You barely miss the kobold. The kobold hits you with a +0 club.
You closely miss the kobold. The kobold barely misses you.
The kobold hits you but does no damage.
You barely miss the kobold. The kobold hits you with a +0 club.
You sock the kobold!
You kill the kobold!
No target in view!
No target in view!
g - 5 stones {throwing} (gained 4)
Things that are here:
a +0 club {mace}; a kobold corpse A quokka comes into view.
Danger!
The quokka twitches its whiskers.
The quokka bites you but does no damage.
You barely miss the quokka. The quokka closely misses you.
The quokka bites you.
You closely miss the quokka. The quokka bites you.
You hit the quokka.
You kill the quokka!
You have reached level 2!
You see here a quokka corpse.
A ball python comes into view.
Danger!
A rat comes into view.
The ball python hisses angrily.
The ball python closely misses you.
The ball python bites you but does no damage.
You closely miss the ball python. The ball python completely misses you.
You hit the ball python but do no damage.
The ball python closely misses you.
You hit the ball python. The ball python misses you. The ball python bites you.
You barely miss the ball python. The ball python bites you.
You sock the ball python!
You kill the ball python!
You hit the rat.
You kill the rat!
No target in view!
You see here a rat corpse.
An endoplasm comes into view.
Danger!
A rat comes into view.
The endoplasm hits you.
You sock the endoplasm!
You kill the endoplasm!
You sock the rat!
You kill the rat!
No target in view!
You now have 7 gold pieces.
i - a cyan potion Unknown command.
A kobold comes into view. It is wielding a +0 short sword.
The kobold shouts!
You hear a shout!
Danger!
A gnoll comes into view. It is wielding a +0 whip.
You barely miss the kobold. The kobold barely misses you.
A kobold comes into view. It is wielding a +0 whip.
The kobold hits you with a +0 short sword.
You barely miss the kobold.
The kobold hits you with a +0 short sword.
Unknown command.
The kobold throws a stone.
The stone hits you.
Unknown command.
Unknown command.
The kobold hits you but does no damage.
Unknown command.
You hit the kobold but do no damage. The kobold misses you.
You barely miss the kobold. The kobold misses you.
Unknown command.
You closely miss the kobold.
The kobold hits you with a +0 short sword.
The kobold barely misses you.
You hit the kobold but do no damage.
A bat comes into view.
The kobold hits you but does no damage.
Unknown command.
You barely miss the kobold.
The kobold hits you with a +0 short sword.
You sock the kobold!
You kill the kobold!
You closely miss the gnoll. The gnoll barely misses you.
Unknown command.
You closely miss the gnoll. The gnoll hits you with a +0 whip!
* * * LOW HITPOINT WARNING * * *
The gnoll hits you with a +0 whip!
* * * LOW HITPOINT WARNING * * *
You barely miss the gnoll. The gnoll closely misses you.
Unknown command.
You hit the gnoll but do no damage. The gnoll barely misses you.
You hit the gnoll. The gnoll hits you with a +0 whip.
You die...

Skill      XL: |  1 |
---------------+----+-----
Maces & Flails | 3 |  3.4
Fighting       | |  2.6
Throwing       | |  2.0
Dodging        | |  2.6

Action                   || total
-------------------------++-------
Melee: Flail             ||    37
       Punch             ||     1
Throw: Stone             ||     5
Armor: Robe              ||     9
Dodge: Dodged            ||    19

Levels and vault maps discovered:
D:1:      ebering_hopf_link, layout_basic, kennysheep_decorative_pillar

Notes
Turn   | Place    | Note
-------+----------+-------------------------------------------
     0 | D:1      | Sobieck the Ogre Gladiator began the quest for the Orb.
     0 | D:1      | Reached XP level 1. HP: 22/22 MP: 1/1
   106 | D:1      | Reached skill level 3 in Maces & Flails
   196 | D:1      | Reached XP level 2. HP: 26/29 MP: 2/2
   285 | D:1      | HP: 4/29 [gnoll/+0 whip (8)]
   288 | D:1      | Slain by a gnoll

Vanquished Creatures
  A ball python (D:1)
  2 endoplasms (D:1)
  A giant cockroach (D:1)
  A hobgoblin (D:1)
  2 kobolds (D:1)
  A quokka (D:1)
  3 rats (D:1)
11 creatures vanquished.

Table legend:
 A = Non-vault XP
 B = Vault XP
 C = Vault XP percentage of total XP
 D = Non-vault monster count
 E = Vault monster count
 F = Vault count percentage of total count
                 A         B        C        D         E       F
            +---------+---------+-------+---------+---------+-------
      Total |      19 |       0 |   0.0 |      11 |       0 |   0.0
            +---------+---------+-------+---------+---------+-------
        D:1 |      19 |       0 |   0.0 |      11 |       0 |   0.0
            +---------+---------+-------+---------+---------+-------

Illustrated notes

Table legend:
 A = Kills in this place as a percentage of kills in entire the game.
 B = Kills by you in this place as a percentage of kills by you in the entire game.
 C = Kills by friends in this place as a percentage of kills by friends in the entire game.
 D = Other kills in this place as a percentage of other kills in the entire game.
 E = Experience gained in this place as a percentage of experience gained in the entire game.
 F = Experience gained in this place divided by the number of levels of this place that you have seen.
                   A       B       C       D       E      F
               +-------+-------+-------+-------+-------+----------------------
         Total | 100.0 | 100.0 |   N/A |   N/A | 100.0 |  19.0
       Dungeon | 100.0 | 100.0 |   N/A |   N/A | 100.0 |  19.0
               +-------+-------+-------+-------+-------+----------------------

Table legend: (Time is in decaauts)
 A = Elapsed time spent in this place.
 B = Non-inter-level travel time spent in this place.
 C = Inter-level travel time spent in this place.
 D = Time resting spent in this place.
 E = Time spent auto-exploring this place.
 F = Levels seen in this place.
 G = Mean time per level.
                   A        B        C        D        E       F      G
               +--------+--------+--------+--------+--------+-----+--------+
         Total |    296 |    296 |      0 |      0 |    211 |   1 |  296.0 |
       Dungeon |    296 |    296 |      0 |      0 |    211 |   1 |  296.0 |
               +--------+--------+--------+--------+--------+-----+--------+

Top non-repeatable levels by time:
     D:1: 296 daAuts
